 Dungeon Crawl Stone Soup version 0.26-b1-32-g5d43845318 (webtiles) character file.

Game seed: 904751355615715874

41 Zeldest the Sneak (level 3, -1/19 HPs)
             Began as a Vampire Enchanter on Jan 4, 2021.
             Slain by a gnoll (7 damage)
             ... on level 2 of the Dungeon.
             The game lasted 00:04:07 (510 turns).

Zeldest the Sneak (Vampire Enchanter)                Turns: 510, Time: 00:04:08

Health: -1/19      AC:  2    Str:  7    XL:     3   Next: 32%
Magic:  0/6        EV: 12    Int: 18    God:
Gold:   79         SH:  0    Dex: 14    Spells: 3/6 levels left

rFire    . . .     SeeInvis +   a - +1 dagger
rCold    + + .     Faith    .   (no shield)
rNeg     + + +     Spirit   .   b - +0 robe
rPois    ∞         Reflect  .   (no helmet)
rElec    .         Harm     .   (no cloak)
rCorr    .         Rampage  .   (no gloves)
Will     .....                  (no boots)
Stlth    +++++.....             (no amulet)
HPRegen  0.00/turn              (no ring)
MPRegen  0.10/turn              (no ring)

@: bloodless
A: fangs 3, see invisible, unbreathing
a: Bat Form, Revivify


You were on level 2 of the Dungeon.
You visited 1 branch of the dungeon, and saw 2 of its levels.

You collected 79 gold pieces.

Inventory:

Hand Weapons
 a - a +1 dagger (weapon)
Armour
 b - a +0 robe (worn)
Scrolls
 c - a scroll of random uselessness {unknown}
 d - 2 scrolls of identify {unknown}
 g - a scroll of enchant armour {unknown}
Potions
 e - a potion of curing
 f - a potion of lignification {unknown}


   Skills:
 - Level 1.1 Short Blades
 - Level 2.1 Dodging
 * Level 6.2 Stealth
 - Level 2.0 Spellcasting
 + Level 5.1 Hexes


You had 3 spell levels left.
You knew the following spells:

 Your Spells              Type           Power        Failure   Level
a - Ensorcelled Hibernat  Hex/Ice        22%          10%         2
b - Corona                Hex            22%          2%          1

Your spell library contained the following spells:

 Spells                   Type           Power        Failure   Level
 Confusing Touch          Hex            20%          7%          3
 Tukima's Dance           Hex            20%          7%          3
 Dazzling Flash           Conj/Hex       22%          19%         3


Dungeon Overview and Level Annotations

Branches:
Dungeon (2/15)

Altars:
The Shining One


Innate Abilities, Weirdness & Mutations

You do not regenerate when monsters are visible.
You are frail without blood (-20% HP).
You can heal yourself when you bite living creatures.
You are immune to poison.
You have razor-sharp teeth.
You have supernaturally acute eyesight. (SInv)
You can survive without breathing.


Message History

Confirm with . or Enter, or press ? or * to list all spells.
Aiming: Ensorcelled Hibernation (safe; 10% risk of failure)
Press: ? - help, Shift-Dir - straight line, f/p - gnoll
Aim: a gnoll, wearing a +0 ring mail (chance to affect: 50%)
The gnoll resists with some effort.
The gnoll closely misses you.
You aren't carrying any items that you can evoke.
Unknown command.
Okay, then.
It was a potion of curing.
You feel better. The gnoll closely misses you.
You barely miss the gnoll. The gnoll closely misses you.
You hit the gnoll.
The gnoll is lightly wounded.
The gnoll misses you.
You hit the gnoll but do no damage.
The gnoll is lightly wounded.
The gnoll hits you!
You hit the gnoll but do no damage.
The gnoll is lightly wounded.
The gnoll hits you!
You die...

##...........
#...........
.......)......
...............
.....#######...
..... #... #####
####
##################
#@g.............).
##################


You could see a gnoll.

Vanquished Creatures
  An adder (D:2)
  An ooze (D:1)
  A dart slug (D:1)
  4 bats (D:1)
  A giant cockroach (D:1)
  4 goblins (D:1)
  3 hobgoblins
  2 jackals (D:1)
  2 frilled lizards (D:1)
  2 kobolds (D:1)
  3 rats (D:1)
24 creatures vanquished.

Notes
Turn   | Place    | Note
-------+----------+-------------------------------------------
     0 | D:1      | Zeldest the Vampire Enchanter began the quest for the Orb.
     0 | D:1      | Reached XP level 1. HP: 13/13 MP: 3/3
    41 | D:1      | Reached skill level 5 in Stealth
    47 | D:1      | Reached XP level 2. HP: 15/15 MP: 5/5
   136 | D:1      | Found a glowing golden altar of the Shining One.
   309 | D:1      | Reached skill level 5 in Hexes
   347 | D:1      | Reached XP level 3. HP: 18/19 MP: 6/6
   361 | D:2      | Reached skill level 6 in Stealth
   364 | D:2      | Learned a level 2 spell: Ensorcelled Hibernation
   510 | D:2      | Slain by a gnoll

Illustrated notes

Levels and vault maps discovered:
D:1:      dpeg_arrival_oval, layout_loops_ring, tso_altar
D:2:      layout_basic, lemuel_coloured_pillars_altar, uniq_sigmund

Skill      XL: |  1  2  3 |
---------------+----------+-----
Stealth        | 5 6 |  6.2
Hexes          | 5 |  5.1
Short Blades   | |  1.1
Dodging        | |  2.1
Spellcasting   | |  2.0

Action                   || total
-------------------------++-------
Melee: Dagger            ||    45
       Bite              ||     1
 Cast: Corona            ||     1
       Ensorcelled Hiber ||     6
 Abil: Exsanguinate      ||     1
  Use: Potion            ||     1
 Stab: Sleeping          ||    19
Armor: Robe              ||     1
Dodge: Dodged            ||    14
